MLB
LOS ANGELES DODGERS @ COLORADO ROCKIES
05/28/2020
 
TOP OF THE 1ST
Los Angeles Dodgers batting - Pitching for Colorado Rockies : RHP Chi Chi Gonzalez
Pitching: RHP Chi Chi Gonzalez
Batting: RHB Justin Turner 0-0: Ball
1-0: Called Strike
1-1: Foul Ball, location: 2F
1-2: Strikes out swinging
Batting: LHB Max Muncy 0-0: Called Strike
0-1: Ball
1-1: Called Strike
1-2: Ball
2-2: Foul Ball, location: 2F
2-2: Ball
3-2: Base on Balls
Batting: LHB Cody Bellinger 0-0: Ball
Wild Pitch!
Max Muncy to second
1-0: Foul Ball, location: 2F
1-1: Ball
2-1: Foul Ball, location: 2F
2-2: Ball
3-2: Foul Ball, location: 2F
3-2: Fly out, F9 (Flyball, 9LS, EV 90.0 MPH)
Batting: LHB Gavin Lux 0-0: Ball
1-0: Foul Ball, location: 2F
1-1: Ball
2-1: Swinging Strike
2-2: SINGLE (Groundball, 34D, EV 96.9 MPH)
Max Muncy to third
Runner from 3rd tries for Home, SAFE, throw by RF to home
Batting: LHB Corey Seager 0-0: Ball
1-0: Ball
2-0: Foul Ball, location: 2F
2-1: Foul Ball, location: 2F
2-2: Strikes out looking
Top of the 1st over - 1 run, 1 hit, 0 errors, 1 left on base; Los Angeles 1 - Colorado 0
BOTTOM OF THE 1ST
Colorado Rockies batting - Pitching for Los Angeles Dodgers : LHP Alex Wood
Pitching: LHP Alex Wood
Batting: RHB Garrett Hampson 0-0: Ball
1-0: Ground out 6-3 (Groundball, 6, EV 103.8 MPH)
Batting: RHB Trevor Story 0-0: Ball
1-0: Hit by Pitch
Batting: RHB Nolan Arenado 0-0: Ball
1-0: Called Strike
Trevor Story steals 2nd base
1-1: Called Strike
1-2: Strikes out looking
Batting: LHB Charlie Blackmon 0-0: Swinging Strike
0-1: Fly out, F9 (Flyball, 9, EV 81.3 MPH)
Bottom of the 1st over - 0 runs, 0 hits, 0 errors, 1 left on base; Los Angeles 1 - Colorado 0
TOP OF THE 2ND
Los Angeles Dodgers batting - Pitching for Colorado Rockies : RHP Chi Chi Gonzalez
Batting: LHB Joc Pederson 0-0: Ball
1-0: Called Strike
1-1: Ball
2-1: Swinging Strike
2-2: Ball
3-2: Foul Ball, location: 2F
3-2: Foul Ball, location: 2F
3-2: Base on Balls
Batting: RHB Will Smith 0-0: Ball
1-0: Called Strike
1-1: Swinging Strike
1-2: Strikes out swinging
Batting: RHB Enrique Hernandez 0-0: Ball
1-0: Called Strike
1-1: Foul Ball, location: 2F
1-2: Strikes out swinging
Batting: RHB Alex Wood 0-0: Ball
1-0: Foul Ball, location: 2F
1-1: Ball
2-1: Foul Ball, location: 2F
2-2: Strikes out swinging
Top of the 2nd over - 0 runs, 0 hits, 0 errors, 1 left on base; Los Angeles 1 - Colorado 0
BOTTOM OF THE 2ND
Colorado Rockies batting - Pitching for Los Angeles Dodgers : LHP Alex Wood
Batting: RHB Ian Desmond 0-0: Called Strike
0-1: Ball
1-1: DOUBLE (Line Drive, 5D, EV 101.9 MPH)
Batting: RHB Yonathan Daza 0-0: Ball
1-0: Ball
2-0: Foul Ball, location: 2F
2-1: Foul Ball, location: 2F
2-2: Foul Ball, location: 2F
2-2: Ground out U3 (Groundball, 34S, EV 81.9 MPH)
Ian Desmond to third
Batting: LHB Daniel Murphy 0-0: Ball
1-0: Ball
2-0: Foul Ball, location: 2F
2-1: Called Strike
2-2: SINGLE (Groundball, 4D, EV 106.9 MPH)
Ian Desmond scores
Batting: LHB Tony Wolters 0-0: Ball
1-0: Ground out 5-3 (Groundball, 5, EV 88.8 MPH)
Daniel Murphy to second
Batting: RHB Chi Chi Gonzalez 0-0: Called Strike
0-1: Ball
1-1: Foul Ball, location: 2F
1-2: Ground out 5-3 (Groundball, 56S, EV 89.4 MPH)
Bottom of the 2nd over - 1 run, 2 hits, 0 errors, 1 left on base; Los Angeles 1 - Colorado 1
TOP OF THE 3RD
Los Angeles Dodgers batting - Pitching for Colorado Rockies : RHP Chi Chi Gonzalez
Batting: RHB Justin Turner 0-0: Called Strike
0-1: Fly out, F8 (Flyball, 89D, EV 96.3 MPH)
Batting: LHB Max Muncy 0-0: Ball
1-0: Foul Ball, location: 2F
1-1: Ball
2-1: SINGLE (Groundball, 3S, EV 73.1 MPH) (infield hit)
Batting: LHB Cody Bellinger 0-0: Fielders Choice at 2nd, 1-4 (Groundball, 15S, EV 73.1 MPH)
Batting: LHB Gavin Lux 0-0: Ball
1-0: Ball
2-0: Swinging Strike
2-1: Ball
3-1: Foul Ball, location: 2F
3-2: Foul Ball, location: 2F
3-2: Foul Ball, location: 2F
3-2: Base on Balls
Cody Bellinger to second
Batting: LHB Corey Seager 0-0: Called Strike
0-1: Foul Ball, location: 2F
0-2: Ground out 4-3 (Groundball, 4, EV 93.1 MPH)
Top of the 3rd over - 0 runs, 1 hit, 0 errors, 2 left on base; Los Angeles 1 - Colorado 1
BOTTOM OF THE 3RD
Colorado Rockies batting - Pitching for Los Angeles Dodgers : LHP Alex Wood
Batting: RHB Garrett Hampson 0-0: Foul Ball, location: 2F
0-1: Ball
1-1: Called Strike
1-2: Ball
2-2: Ground out 6-3 (Groundball, 6, EV 80.6 MPH)
Batting: RHB Trevor Story 0-0: Ball
1-0: Bunt for hit to P - play at first, batter OUT! 1-3
Batting: RHB Nolan Arenado 0-0: Ball
1-0: Ball
2-0: Ground out 5-3 (Groundball, 5, EV 88.1 MPH)
Bottom of the 3rd over - 0 runs, 0 hits, 0 errors, 0 left on base; Los Angeles 1 - Colorado 1
TOP OF THE 4TH
Los Angeles Dodgers batting - Pitching for Colorado Rockies : RHP Chi Chi Gonzalez
Batting: LHB Joc Pederson 0-0: Foul Ball, location: 2F
0-1: TRIPLE (Flyball, 78XD, EV 101.9 MPH)
Batting: RHB Will Smith 0-0: Foul Ball, location: 2F
0-1: Ball
Wild Pitch!
Joc Pederson scores
1-1: Fly out, F9 (Flyball, 9D, EV 102.5 MPH)
Batting: RHB Enrique Hernandez 0-0: Swinging Strike
0-1: Foul Ball, location: 2F
0-2: Ball
1-2: Strikes out looking
Batting: RHB Alex Wood 0-0: Ball
1-0: Foul Ball, location: 2F
1-1: Ball
2-1: Swinging Strike
2-2: Strikes out swinging
Top of the 4th over - 1 run, 1 hit, 0 errors, 0 left on base; Los Angeles 2 - Colorado 1
BOTTOM OF THE 4TH
Colorado Rockies batting - Pitching for Los Angeles Dodgers : LHP Alex Wood
Batting: LHB Charlie Blackmon 0-0: Called Strike
0-1: Swinging Strike
0-2: Foul Ball, location: 2F
0-2: Ground out 4-3 (Groundball, 34D, EV 110.6 MPH)
Batting: RHB Ian Desmond 0-0: Ball
1-0: Ball
2-0: Ball
3-0: Called Strike
3-1: Fly out, F4 (Flyball, 34D, EV 75.6 MPH)
Batting: RHB Yonathan Daza 0-0: Called Strike
0-1: Ground out U3 (Groundball, 34S, EV 82.5 MPH)
Bottom of the 4th over - 0 runs, 0 hits, 0 errors, 0 left on base; Los Angeles 2 - Colorado 1
TOP OF THE 5TH
Los Angeles Dodgers batting - Pitching for Colorado Rockies : RHP Chi Chi Gonzalez
Batting: RHB Justin Turner 0-0: Called Strike
0-1: Fly out, F3 (Flyball, 3D, EV 76.9 MPH)
Batting: LHB Max Muncy 0-0: Ball
1-0: Foul Ball, location: 2F
1-1: Ball
2-1: Foul Ball, location: 2F
2-2: Foul Ball, location: 2F
2-2: Foul Ball, location: 2F
2-2: Foul Ball, location: 2F
2-2: Foul Ball, location: 2F
2-2: Foul Ball, location: 2F
2-2: Ball
3-2: Foul Ball, location: 2F
3-2: Base on Balls
Batting: LHB Cody Bellinger 0-0: Foul Ball, location: 2F
0-1: DOUBLE (Line Drive, 9LD, EV 108.8 MPH)
Max Muncy to third
Runner from 3rd tries for Home, SAFE, throw by RF to home
Batting: LHB Gavin Lux 0-0: DOUBLE (Flyball, 78D, EV 99.4 MPH)
Cody Bellinger scores
Batting: LHB Corey Seager 0-0: Ball
1-0: Ball
2-0: SINGLE (Flyball, 34D, EV 95.0 MPH)
Gavin Lux to third
Batting: LHB Joc Pederson 0-0: Foul Ball, location: 2F
0-1: Foul Ball, location: 2F
0-2: Ball
1-2: Ball
2-2: Ball
3-2: SINGLE (Groundball, 3, EV 96.9 MPH)
Gavin Lux scores
Corey Seager to second
Runner from 2nd tries for 3rd, SAFE, no throw by RF
Pitching: LHP Jake McGee
Now in CF: David Dahl
Batting: RHB Will Smith 0-0: Called Strike
0-1: Swinging Strike
0-2: Strikes out swinging
Batting: RHB Enrique Hernandez 0-0: Called Strike
0-1: Swinging Strike
0-2: Fly out, F9 (Flyball, 89S, EV 95.6 MPH)
Top of the 5th over - 3 runs, 4 hits, 0 errors, 2 left on base; Los Angeles 5 - Colorado 1
BOTTOM OF THE 5TH
Colorado Rockies batting - Pitching for Los Angeles Dodgers : LHP Alex Wood
Batting: LHB Daniel Murphy 0-0: Swinging Strike
0-1: Ball
1-1: Single, Error in OF, E9, batter to second base (Line Drive, 9S, EV 97.5 MPH)
Batting: LHB Tony Wolters 0-0: Called Strike
0-1: Ball
1-1: Swinging Strike
1-2: DOUBLE (Line Drive, 78D, EV 106.3 MPH)
Daniel Murphy scores
Batting: LHB David Dahl 0-0: Ball
1-0: Ball
2-0: Swinging Strike
2-1: Ball
3-1: Foul Ball, location: 2F
3-2: Foul Ball, location: 2F
3-2: DOUBLE (Flyball, 8LXD, EV 93.1 MPH)
Tony Wolters scores
Batting: RHB Garrett Hampson 0-0: Ball
1-0: Called Strike
1-1: Ball
2-1: Swinging Strike
2-2: SINGLE (Groundball, 56S, EV 75.6 MPH) (infield hit)
David Dahl to third
Batting: RHB Trevor Story 0-0: Ball
1-0: Ball
2-0: Called Strike
2-1: Swinging Strike
2-2: Strikes out swinging
Batting: RHB Nolan Arenado 0-0: Ball
Garrett Hampson steals 2nd base
1-0: Called Strike
1-1: DOUBLE (Line Drive, 5D, EV 97.5 MPH)
David Dahl scores
Garrett Hampson scores
Pitching: RHP Brusdar Graterol
Now in CF: A.J. Pollock
Batting: LHB Charlie Blackmon 0-0: Swinging Strike
0-1: Ball
1-1: Called Strike
1-2: SINGLE (Groundball, 3D, EV 104.4 MPH)
Nolan Arenado to third
Runner from 3rd tries for Home, SAFE, throw by RF to home
Batting: RHB Ian Desmond 0-0: Foul Ball, location: 2F
0-1: Swinging Strike
0-2: Ball
1-2: Ball
2-2: 2-RUN HOME RUN (Flyball, 89XD, EV 108.8 MPH), Distance : 442 ft
Batting: LHB Jake McGee 0-0: Swinging Strike
0-1: Swinging Strike
0-2: DOUBLE (Groundball, 3L, EV 110.6 MPH)
Batting: LHB Daniel Murphy 0-0: Called Strike
0-1: Ball
1-1: SINGLE (Line Drive, 9S, EV 94.4 MPH)
Jake McGee to third
Batting: LHB Tony Wolters 0-0: Ball
1-0: Ball
2-0: Ball
3-0: Called Strike
3-1: Base on Balls
Daniel Murphy to second
Batting: LHB David Dahl 0-0: Foul Ball, location: 2F
0-1: Foul Ball, location: 2F
0-2: Fly out, F9 (Line Drive, 9, EV 102.5 MPH)
Runner from 3rd tags up, SCORES, throw by RF
Daniel Murphy to third
Batting: RHB Garrett Hampson 0-0: Ball
1-0: Ball
2-0: Ball
3-0: Called Strike
3-1: Base on Balls
Tony Wolters to second
Pitching: LHP Adam Kolarek
Batting: RHB Trevor Story 0-0: SINGLE (Line Drive, 8RS, EV 105.6 MPH)
Daniel Murphy scores
Tony Wolters to third
Garrett Hampson to second
Runner from 3rd tries for Home, SAFE, throw by CF to home
Batting: RHB Nolan Arenado 0-0: Ball
1-0: Fly out, F7 (Flyball, 7LS, EV 91.3 MPH)
Bottom of the 5th over - 10 runs, 10 hits, 1 error, 2 left on base; Los Angeles 5 - Colorado 11
TOP OF THE 6TH
Los Angeles Dodgers batting - Pitching for Colorado Rockies : LHP Jake McGee
Batting: RHB A.J. Pollock 0-0: Swinging Strike
0-1: Ground out 4-3 (Groundball, 4M, EV 105.6 MPH)
Batting: RHB Justin Turner 0-0: Ball
1-0: Foul Ball, location: 2F
1-1: Ball
2-1: SINGLE (Line Drive, 6D, EV 97.5 MPH)
Batting: LHB Max Muncy 0-0: Called Strike
0-1: Ball
1-1: Swinging Strike
1-2: Ball
2-2: Ball
3-2: Base on Balls
Justin Turner to second
Batting: LHB Cody Bellinger 0-0: Foul Ball, location: 2F
0-1: Called Strike
0-2: Ball
1-2: Ball
2-2: Strikes out swinging
Batting: LHB Gavin Lux 0-0: DOUBLE (Flyball, 8LXD, EV 88.8 MPH)
Justin Turner scores
Max Muncy to third
Runner from 3rd tries for Home, SAFE, no throw by CF
Batting: LHB Corey Seager 0-0: Ball
1-0: Ball
2-0: SINGLE (Groundball, 56S, EV 61.9 MPH) (infield hit)
Gavin Lux to third
Pitching: RHP Wes Parsons
Batting: LHB Joc Pederson 0-0: Called Strike
0-1: Ball
1-1: Foul Ball, location: 2F
1-2: Strikes out swinging
Top of the 6th over - 2 runs, 3 hits, 0 errors, 2 left on base; Los Angeles 7 - Colorado 11
BOTTOM OF THE 6TH
Colorado Rockies batting - Pitching for Los Angeles Dodgers : LHP Adam Kolarek
Batting: LHB Charlie Blackmon 0-0: DOUBLE (Groundball, 3L, EV 106.9 MPH)
Pitching: RHP Blake Treinen
Batting: RHB Ian Desmond 0-0: Fly out, F9 (Flyball, 89XD, EV 99.4 MPH)
Runner from 2nd tags up, SAFE at 3rd, no throw by RF
Batting: RHB Wes Parsons 0-0: Called Strike
0-1: Foul Ball, location: 2F
0-2: Ball
1-2: Foul Ball, location: 2F
1-2: Strikes out swinging
Batting: LHB Daniel Murphy 0-0: Called Strike
0-1: Ball
1-1: Ground out 2-3 (Groundball, 13S, EV 64.4 MPH)
Bottom of the 6th over - 0 runs, 1 hit, 0 errors, 1 left on base; Los Angeles 7 - Colorado 11
TOP OF THE 7TH
Los Angeles Dodgers batting - Pitching for Colorado Rockies : RHP Wes Parsons
Batting: RHB Will Smith 0-0: Called Strike
0-1: Ball
1-1: Ball
2-1: Ball
3-1: Base on Balls
Pinch Hitting: RHB Tyler White 0-0: Called Strike
0-1: Ball
1-1: Ball
2-1: Foul Ball, location: 2F
2-2: Foul Ball, location: 2F
2-2: Ball
3-2: Base on Balls
Will Smith to second
Batting: RHB A.J. Pollock 0-0: DOUBLE (Line Drive, 8LXD, EV 109.4 MPH)
Will Smith scores
Tyler White to third
Runner from 3rd tries for Home, SAFE, throw by CF to trailing runner, SAFE at third!
Batting: RHB Justin Turner 0-0: Ball
Wild Pitch!
A.J. Pollock scores
1-0: Ball
2-0: Swinging Strike
2-1: SINGLE (Groundball, 56D, EV 100.6 MPH)
Pitching: RHP Carlos Estevez
Batting: LHB Max Muncy 0-0: Called Strike
0-1: Ball
Justin Turner steals 2nd base
1-1: Ball
2-1: Foul Ball, location: 2F
2-2: Foul Ball, location: 2F
2-2: Strikes out swinging
Batting: LHB Cody Bellinger 0-0: Called Strike
0-1: Ball
1-1: Ball
2-1: Ball
3-1: Base on Balls
Batting: LHB Gavin Lux 0-0: Swinging Strike
0-1: Ball
1-1: Ball
2-1: Ball
Wild Pitch!
Justin Turner to third
Cody Bellinger to second
3-1: Called Strike
3-2: Base on Balls
Batting: LHB Corey Seager 0-0: Ball
1-0: Swinging Strike
1-1: SINGLE (Line Drive, 3D, EV 98.8 MPH)
Justin Turner scores
Cody Bellinger to third
Gavin Lux to second
Runner from 3rd tries for Home, SAFE, throw by RF to home
Pitching: LHP Kyle Crockett
Batting: LHB Joc Pederson 0-0: DOUBLE (Flyball, 8LXD, EV 98.8 MPH)
Gavin Lux scores
Corey Seager to third
Batting: RHB Will Smith 0-0: Intentional Walk
Batting: RHB Tyler White 0-0: Ball
1-0: Foul Ball, location: 2F
1-1: Ball
2-1: GRAND SLAM HOME RUN (Flyball, 89XD, EV 108.8 MPH), Distance : 439 ft
Batting: RHB A.J. Pollock 0-0: Ball
1-0: Called Strike
1-1: Fly out, F7 (Flyball, 7, EV 87.5 MPH)
Batting: RHB Justin Turner 0-0: Called Strike
0-1: Ball
1-1: Ball
2-1: Foul Ball, location: 2F
2-2: Foul Ball, location: 2F
2-2: Ball
3-2: Foul Ball, location: 2F
3-2: Strikes out looking
Top of the 7th over - 10 runs, 5 hits, 0 errors, 0 left on base; Los Angeles 17 - Colorado 11
BOTTOM OF THE 7TH
Colorado Rockies batting - Pitching for Los Angeles Dodgers : RHP Blake Treinen
Pitching: RHP Joe Kelly
Batting: LHB Tony Wolters 0-0: Called Strike
0-1: Ball
1-1: Ground out 6-3 (Groundball, 6, EV 93.8 MPH)
Batting: LHB David Dahl 0-0: Ball
1-0: Foul Ball, location: 2F
1-1: Foul Ball, location: 2F
1-2: Foul Ball, location: 2F
1-2: DOUBLE (Line Drive, 3D, EV 98.1 MPH)
Batting: RHB Garrett Hampson 0-0: Called Strike
0-1: Ball
1-1: Called Strike
1-2: SINGLE (Groundball, 34D, EV 101.3 MPH)
David Dahl to third
Runner from 3rd tries for Home, throw by RF and OUT! 9-2
Batting: RHB Trevor Story 0-0: Fly out, F8 (Line Drive, 8RD, EV 91.9 MPH)
Bottom of the 7th over - 0 runs, 2 hits, 0 errors, 1 left on base; Los Angeles 17 - Colorado 11
TOP OF THE 8TH
Los Angeles Dodgers batting - Pitching for Colorado Rockies : LHP Kyle Crockett
Batting: LHB Max Muncy 0-0: Ball
1-0: Ball
2-0: Ball
3-0: Called Strike
3-1: Base on Balls
Pitching: RHP Yency Almonte
Batting: LHB Cody Bellinger 0-0: Foul Ball, location: 2F
0-1: Foul Ball, location: 2F
0-2: Strikes out looking
Batting: LHB Gavin Lux 0-0: Ball
1-0: Grounds into double play, 4-6-3 (Groundball, 4, EV 83.8 MPH)
Top of the 8th over - 0 runs, 0 hits, 0 errors, 0 left on base; Los Angeles 17 - Colorado 11
BOTTOM OF THE 8TH
Colorado Rockies batting - Pitching for Los Angeles Dodgers : RHP Joe Kelly
Batting: RHB Nolan Arenado 0-0: DOUBLE (Flyball, 8RXD, EV 100.0 MPH)
Batting: LHB Charlie Blackmon 0-0: Called Strike
0-1: Ball
1-1: Fly out, F9 (Flyball, 9LM, EV 88.1 MPH)
Pitching: RHP Carson Smith
Batting: RHB Ian Desmond 0-0: Ground out 6-3 (Groundball, 6MS, EV 87.5 MPH)
Nolan Arenado to third
Batting: SHB Yency Almonte 0-0: Ball
1-0: Ground out 1-3 (Groundball, 13S, EV 65.6 MPH)
Bottom of the 8th over - 0 runs, 1 hit, 0 errors, 1 left on base; Los Angeles 17 - Colorado 11
TOP OF THE 9TH
Los Angeles Dodgers batting - Pitching for Colorado Rockies : RHP Yency Almonte
Batting: LHB Corey Seager 0-0: Ball
1-0: Foul Ball, location: 2F
1-1: Called Strike
1-2: Ground out 4-3 (Groundball, 4S, EV 90.6 MPH)
Batting: LHB Joc Pederson 0-0: Called Strike
0-1: Called Strike
0-2: Foul Ball, location: 2F
0-2: Foul Ball, location: 2F
0-2: Strikes out swinging
Batting: RHB Will Smith 0-0: SINGLE (Line Drive, 34, EV 98.1 MPH)
Pinch Hitting: RHB Mookie Betts 0-0: Ball
1-0: Swinging Strike
1-1: Called Strike
1-2: Ball
2-2: Ball
Will Smith is caught stealing 2nd base 2-4
Top of the 9th over - 0 runs, 1 hit, 0 errors, 0 left on base; Los Angeles 17 - Colorado 11
BOTTOM OF THE 9TH
Colorado Rockies batting - Pitching for Los Angeles Dodgers :
Pitching: RHP Zach McAllister
Batting: LHB Daniel Murphy 0-0: Called Strike
0-1: SINGLE (Groundball, 56D, EV 111.3 MPH)
Batting: LHB Tony Wolters 0-0: Ground out 6-3 (Groundball, 6M, EV 103.1 MPH)
Daniel Murphy to second
Batting: LHB David Dahl 0-0: Foul Ball, location: 2F
0-1: Called Strike
0-2: Fly out, F8 (Flyball, 8LM, EV 91.9 MPH)
Batting: RHB Garrett Hampson 0-0: Ball
1-0: Foul Ball, location: 2F
1-1: Called Strike
1-2: Ground out 6-3 (Groundball, 6, EV 89.4 MPH)
Bottom of the 9th over - 0 runs, 1 hit, 0 errors, 1 left on base; Los Angeles 17 - Colorado 11
Wednesday, June 3rd, 2020 - OOTP Baseball 21.3 Build 54